 Dungeon Crawl Stone Soup version 0.31-a0-177-g4aa6249778 (webtiles) character file.

Game seed: 577642422170845558

187 qw the Shooter (level 5, 0/49 HPs)
             Began as a Naga Hunter on June 18, 2023.
             Slain by a gnoll
             ... wielding a +0 whip
             ... led by a gnoll sergeant
              (4 damage)
             ... on level 4 of the Dungeon.
             The game lasted 00:00:55 (2826 turns).

qw the Shooter (Naga Hunter)                        Turns: 2826, Time: 00:00:56

Health: 0/49       AC:  3    Str: 13    XL:     5   Next: 66%
Magic:  5/5        EV:  9    Int: 10    God:
Gold:   125        SH:  0    Dex: 16    Spells: 4/4 levels left

rFire   . . .        Y - +0 shortbow (drain)
rCold   . . .        (shield currently unavailable)
rNeg    . . .        c - +0 leather armour
rPois   +            (no helmet)
rElec   .            (no cloak)
rCorr   .            (no gloves)
SInv    +            (no barding)
Will    .....        (no amulet)
Stlth   ++           (no ring)
HPRegen 0.28/turn    (no ring)
MPRegen 0.09/turn

%: no passive effects
@: about to teleport, short of breath, very slow
A: AC +1, large, see invisible, deformed body, poison resistance, slowness 2,
spit poison 1, naga tail 1
a: Spit Poison


You were on level 4 of the Dungeon.
You visited 1 branch of the dungeon, and saw 4 of its levels.

You collected 151 gold pieces.
You spent 26 gold pieces at shops.


Innate Abilities, Weirdness & Mutations

Your serpentine skin is tough. (AC +1)
You have supernaturally acute eyesight. (SInv)
Armour fits poorly on your strangely shaped body.
Your system is resistant to poisons. (rPois)
You cover ground very slowly.
You can spit poison.
You have a snake-like lower body.


   Skills:
 - Level 3.0 Fighting
 + Level 5.7 Ranged Weapons
 - Level 1.5 Dodging
 - Level 1.5 Stealth


You had 4 spell levels left.
You didn't know any spells.
Your spell library was empty.

Inventory:

Hand Weapons
 Y - a +0 shortbow of draining (weapon)
Armour
 c - a +0 leather armour (worn)
 l - a +0 cloak
Scrolls
 a - a scroll of vulnerability {unknown}
 g - 2 scrolls of identify
 k - a scroll of fear {unknown}
Potions
 b - 2 potions of enlightenment
 d - 2 potions of curing {unknown}
 f - a potion of haste
 h - a potion of ambrosia {unknown}
 i - 2 potions of might
 j - a potion of heal wounds {unknown}

Dungeon Overview and Level Annotations

Branches:
Dungeon (4/15)
 Temple: D:4-7

Altars:
Qazlal
Ru
Xom

Shops:
D:1 *


Message History

The gnoll is moderately wounded.
A gnoll comes into view. It is wielding a +0 flail.
You shoot an arrow. The arrow hits the gnoll.
The gnoll is heavily wounded.
The gnoll hits you with a +0 whip.
You shoot an arrow. The arrow barely misses the gnoll.
You shoot an arrow. The arrow hits the gnoll.
You drain the gnoll.
The gnoll is severely wounded.
You have got your breath back.
The gnoll sergeant hits you from afar with a +0 trident!
2822 ||| INVOKING Spit Poison.
Aiming: Spit Poison (1% risk of failure)
Press: ? - help, Shift-Dir - straight line, f/p - gnoll The splash of poison hits the gnoll.
The gnoll is poisoned.
The gnoll is severely wounded.
The gnoll sergeant hits you from afar with a +0 trident.
The gnoll hits you with a +0 flail. The gnoll barely misses you.
You shoot an arrow. The arrow hits the gnoll.
You drain the gnoll.
You kill the gnoll!
The gnoll barely misses you.
The gnoll sergeant hits you from afar with a +0 trident.
You shoot an arrow. The arrow closely misses the gnoll.
The arrow hits the gnoll sergeant.
The gnoll sergeant is moderately wounded.
You have got your breath back.
The gnoll hits you with a +0 whip. The gnoll completely misses you.
The gnoll sergeant closely misses you.
2825 ||| INVOKING Spit Poison.
Aiming: Spit Poison (1% risk of failure)
Press: ? - help, Shift-Dir - straight line, f/p - gnoll The splash of poison hits the gnoll.
The gnoll is almost dead.
The gnoll sergeant hits you from afar with a +0 trident!
The gnoll barely misses you. The gnoll hits you with a +0 whip.
2826 ||| READING scroll of teleportation.
As you read the scroll of teleportation, it crumbles to dust.
You feel strangely unstable.
The gnoll sergeant hits you from afar with a +0 trident.
The gnoll hits you with a +0 whip.
You die...

## ########## ##.# #.......)#
..#..g# #.######.# ......g##.####
#.# #g@.....# #.# #.##.##.# #.#
#. #. #.##.###.# #. ### .#
#........# ## .) ..# ##+##
####.##### #. ..#### #.###...##
#.# #. .....# #.##.....## #.###
#. .....# #.#.......## #.#.## #)
.....###....<.....###....#######.


You could see a gnoll sergeant and 2 gnolls.

Vanquished Creatures
  A hound (D:4)
  2 orc wizards (D:3)
  3 adders (D:2)
  A gnoll (D:4)
  4 dart slugs (D:3)
  7 orcs
  6 ball pythons
  An endoplasm (D:2)
  4 giant cockroaches
  7 goblins
  6 hobgoblins
  A quokka (D:4)
  3 bats
  5 frilled lizards
  4 kobolds
  4 rats
59 creatures vanquished.

Notes
Turn   | Place    | Note
-------+----------+-------------------------------------------
     0 | D:1      | qw the Naga Hunter began the quest for the Orb.
     0 | D:1      | Reached XP level 1. HP: 19/19 MP: 1/1
     0 | D:1      | 0 ||| qw: Version: 0.3-a-5-g6f28e65
     0 | D:1      | 0 ||| qw: Game counter: 518
     0 | D:1      | 0 ||| qw: Always use a shield: true
     0 | D:1      | 0 ||| qw: God list: Okawaru
     0 | D:1      | 0 ||| qw: Allow faded altars: false
     0 | D:1      | 0 ||| qw: Do Orc after D:15 true
     0 | D:1      | 0 ||| qw: Do second Lair branch before Depths: true
     0 | D:1      | 0 ||| qw: Lair rune preference: random
     0 | D:1      | 0 ||| qw: Plans: Normal
     0 | D:1      | 0 ||| PLANNING D:1-11
   240 | D:1      | 240 ||| INVOKING Spit Poison.
   459 | D:1      | 459 ||| INVOKING Spit Poison.
   535 | D:1      | 535 ||| INVOKING Spit Poison.
   575 | D:1      | 575 ||| INVOKING Spit Poison.
   577 | D:1      | Reached skill level 4 in Ranged Weapons
   577 | D:1      | Reached XP level 2. HP: 26/26 MP: 2/2
   580 | D:1      | 580 ||| INVOKING Spit Poison.
   637 | D:1      | Found Kuhuadof's Assorted Antiques.
   640 | D:1      | 640 ||| BUYING fizzy white potion (26 gold).
   640 | D:1      | Bought a fizzy white potion for 26 gold pieces
   640 | D:1      | 640 ||| SHOPLISTING ruby potion (26 gold, have 17).
   640 | D:1      | 640 ||| SHOPLISTING scroll labelled CIS BUYVUNA (29 gold,
                  | have 17).
   640 | D:1      | 640 ||| SHOPLISTING scroll labelled RUEPSO NOPN (29 gold,
                  | have 17).
   640 | D:1      | 640 ||| SHOPLISTING yellow potion (26 gold, have 17).
   745 | D:1      | 745 ||| READING scroll labelled REASHA SUIC.
   746 | D:1      | 746 ||| READING scroll labelled VODOBO FUOKHLEO.
   747 | D:1      | 747 ||| READING 2 scrolls labelled DUAPHAG MOMERR.
   748 | D:1      | 748 ||| READING scroll labelled ZOR NUYD XAE.
   749 | D:1      | 749 ||| DROPPING scroll of butterflies.
   781 | D:2      | 781 ||| INVOKING Spit Poison.
   839 | D:2      | 839 ||| INVOKING Spit Poison.
   844 | D:2      | 844 ||| INVOKING Spit Poison.
   879 | D:2      | 879 ||| INVOKING Spit Poison.
   889 | D:2      | 889 ||| INVOKING Spit Poison.
   904 | D:2      | 904 ||| INVOKING Spit Poison.
   909 | D:2      | 909 ||| INVOKING Spit Poison.
   913 | D:2      | Reached XP level 3. HP: 25/32 MP: 3/3
   925 | D:2      | 925 ||| INVOKING Spit Poison.
   996 | D:2      | 996 ||| INVOKING Spit Poison.
  1064 | D:2      | 1064 ||| INVOKING Spit Poison.
  1200 | D:2      | 1200 ||| INVOKING Spit Poison.
  1203 | D:2      | 1203 ||| INVOKING Spit Poison.
  1209 | D:2      | 1209 ||| INVOKING Spit Poison.
  1438 | D:2      | 1438 ||| READING 2 scrolls labelled RENOICALIEX.
  1441 | D:2      | 1441 ||| READING 4 scrolls of identify.
  1441 | D:2      | 1441 ||| IDENTIFYING viscous red potion
  1442 | D:2      | 1442 ||| READING 3 scrolls of identify.
  1442 | D:2      | 1442 ||| IDENTIFYING murky sapphire potion
  1443 | D:2      | 1443 ||| READING 2 scrolls of identify.
  1443 | D:2      | 1443 ||| IDENTIFYING yellow potion
  1444 | D:2      | 1444 ||| DROPPING potion of attraction.
  1445 | D:2      | 1445 ||| DROPPING potion of lignification.
  1470 | D:3      | 1470 ||| INVOKING Spit Poison.
  1473 | D:3      | 1473 ||| INVOKING Spit Poison.
  1479 | D:3      | 1479 ||| Stepping ~*~*~tactically~*~*~ (outnumbered).
  1480 | D:3      | 1480 ||| INVOKING Spit Poison.
  1484 | D:3      | 1484 ||| INVOKING Spit Poison.
  1487 | D:3      | Reached skill level 5 in Ranged Weapons
  1487 | D:3      | Reached XP level 4. HP: 39/39 MP: 4/4
  1490 | D:3      | 1490 ||| INVOKING Spit Poison.
  1497 | D:3      | 1497 ||| INVOKING Spit Poison.
  1545 | D:3      | 1545 ||| INVOKING Spit Poison.
  1580 | D:3      | 1580 ||| INVOKING Spit Poison.
  1639 | D:3      | 1639 ||| INVOKING Spit Poison.
  1685 | D:3      | 1685 ||| INVOKING Spit Poison.
  1765 | D:3      | 1765 ||| INVOKING Spit Poison.
  1820 | D:3      | Found a shimmering altar of Xom.
  1843 | D:3      | 1843 ||| INVOKING Spit Poison.
  1847 | D:3      | 1847 ||| INVOKING Spit Poison.
  1898 | D:3      | 1898 ||| INVOKING Spit Poison.
  1899 | D:3      | Reached skill level 3 in Fighting
  1902 | D:3      | 1902 ||| INVOKING Spit Poison.
  1905 | D:3      | 1905 ||| INVOKING Spit Poison.
  1938 | D:3      | 1938 ||| INVOKING Spit Poison.
  1942 | D:3      | Reached XP level 5. HP: 19/49 MP: 5/5
  2094 | D:3      | 2094 ||| INVOKING Spit Poison.
  2175 | D:3      | 2175 ||| READING scroll labelled FIDWOGEIGI.
  2176 | D:3      | 2176 ||| READING scroll labelled CIS BUYVUNA.
  2177 | D:3      | 2177 ||| DRINKING 3 fizzy white potions.
  2178 | D:3      | 2178 ||| READING 3 scrolls of identify.
  2178 | D:3      | 2178 ||| IDENTIFYING glowing purple potion
  2179 | D:3      | 2179 ||| READING 2 scrolls of identify.
  2179 | D:3      | 2179 ||| IDENTIFYING fizzy grey potion
  2180 | D:3      | 2180 ||| DROPPING potion of brilliance.
  2193 | D:4      | 2193 ||| INVOKING Spit Poison.
  2310 | D:4      | 2310 ||| INVOKING Spit Poison.
  2348 | D:4      | 2348 ||| INVOKING Spit Poison.
  2351 | D:4      | 2351 ||| INVOKING Spit Poison.
  2412 | D:4      | 2412 ||| INVOKING Spit Poison.
  2417 | D:4      | 2417 ||| INVOKING Spit Poison.
  2421 | D:4      | 2421 ||| INVOKING Spit Poison.
  2500 | D:4      | 2500 ||| INVOKING Spit Poison.
  2530 | D:4      | 2530 ||| INVOKING Spit Poison.
  2580 | D:4      | 2580 ||| INVOKING Spit Poison.
  2598 | D:4      | 2598 ||| INVOKING Spit Poison.
  2618 | D:4      | Found a stormy altar of Qazlal.
  2618 | D:4      | Found a sacrificial altar of Ru.
  2684 | D:4      | 2684 ||| INVOKING Spit Poison.
  2817 | D:4      | 2817 ||| INVOKING Spit Poison.
  2822 | D:4      | 2822 ||| INVOKING Spit Poison.
  2825 | D:4      | 2825 ||| INVOKING Spit Poison.
  2825 | D:4      | HP: 11/49 [gnoll sergeant/+0 trident (13)]
  2826 | D:4      | 2826 ||| READING scroll of teleportation.
  2826 | D:4      | HP: 4/49 [gnoll sergeant/+0 trident (6)]
  2826 | D:4      | Slain by a gnoll

Levels and vault maps discovered:
D:1:      ebering_trefoil_3fold, layout_loops_corners, serial_shops,
          nicolae_shop_behind_doors
D:2:      layout_loops_cross
D:3:      layout_loops_cross, mainiacjoe_overflow_chevrons,
          kennysheep_generic_room_9
D:4:      layout_loops_corners, amethyst_overflow_temple_binary

Skill      XL: |  1  2  3  4 |
---------------+-------------+-----
Ranged Weapons | 4 5 |  5.7
Fighting       | 3 |  3.0
Dodging        | |  1.5
Stealth        | |  1.5

Action                     |  1- 3 |  4- 6 || total
---------------------------+-------+-------++-------
   Fire: Shortbow          |    44 |    70 ||   114
Ability: Spit Poison       |    22 |    29 ||    51
    Use: Scroll            |     8 |     5 ||    13
         Potion            |       |     1 ||     1
 Armour: Leather armour    |     8 |     5 ||    13
  Dodge: Dodged            |    13 |    10 ||    23

Table legend:
 A = Non-vault XP
 B = Vault XP
 C = Vault XP percentage of total XP
 D = Non-vault monster count
 E = Vault monster count
 F = Vault count percentage of total count
                 A         B        C        D         E       F
            +---------+---------+-------+---------+---------+-------
      Total |     267 |       1 |   0.4 |      58 |       1 |   1.7
            +---------+---------+-------+---------+---------+-------
        D:1 |      12 |       0 |   0.0 |       8 |       0 |   0.0
        D:2 |      57 |       0 |   0.0 |      14 |       0 |   0.0
        D:3 |     116 |       1 |   0.9 |      20 |       1 |   4.8
        D:4 |      82 |       0 |   0.0 |      16 |       0 |   0.0
            +---------+---------+-------+---------+---------+-------
